 Dungeon Sprint DCSS version 0.30-a0-737-gf23d94013f (webtiles) character file.

Game seed: 3343519180259210810

237 rocky1 the Basher (level 6, -1/72 HPs)
             Began as an Ogre Gladiator on Feb 3, 2023.
             Was an Elder of Cheibriados.
             Killed from afar by an orc wizard (5 damage)
             ... with a magic dart
             ... in the Dungeon (Sprint VII: "The Pits").
             The game lasted 00:01:32 (428 turns).

rocky1 the Basher (Ogre Gladiator)                   Turns: 428, Time: 00:01:32

Health: -1/72      AC:  3    Str: 31    XL:     6   Next: 6%
Magic:  4/10       EV: 11    Int: 19    God:    Cheibriados [****..]
Gold:   0          SH:  0    Dex: 20    Spells: 5/5 levels left

rFire   . . .      SeeInvis .    o - +1 flail (heavy)
rCold   . . .      Faith    .    (no shield)
rNeg    . . .      Spirit   .    b - +0 robe
rPois   .          Reflect  .    c - +0 hat
rElec   .          Harm     .    (no cloak)
rCorr   .          Rampage  .    (gloves unavailable)
Will    .....      NoTele   +    (boots unavailable)
Stlth   ++                       (no amulet)
HPRegen 0.32/turn                (no ring)
MPRegen 0.12/turn                (no ring)

@: weakened, on berserk cooldown, slowed, very slow
A: large, unfitting armour, tough skin 1
a: Renounce Religion, Bend Time, Temporal Distortion, Slouch


You were in the Dungeon.
You worshipped Cheibriados.
Cheibriados was greatly pleased with you.
You visited 1 branch

Inventory:

Hand Weapons
 a - a +0 flail
 o - a +1 heavy flail (weapon)
 p - a +1 heavy hand axe
Missiles
 d - 3 throwing nets (quivered)
 e - a large rock
Armour
 b - a +0 robe (worn)
 c - a +0 hat (worn)
Scrolls
 k - a scroll of blinking
 m - 5 scrolls of amnesia
 n - a scroll of summoning
Potions
 f - 6 potions of curing
 g - 5 potions of heal wounds
 h - a potion of haste
 i - 4 potions of magic
 j - a potion of berserk rage
 l - 2 potions of invisibility


   Skills:
 + Level 8.2 Fighting
 * Level 8.8 Maces & Flails
 - Level 2.0 Throwing
 - Level 2.6 Dodging
 + Level 5.5 Invocations


You had 5 spell levels left.
You didn't know any spells.
Your spell library was empty.

Dungeon Overview and Level Annotations

Branches:
Dungeon (1/1)

Altars:
Ashenzari
Cheibriados
Dithmenos
Elyvilon
Fedhas
Gozag
Hepliaklqana
Kikubaaqudgha
Makhleb
Nemelex Xobeh
Okawaru
Qazlal
Ru
Sif Muna
Trog
Uskayaw
Vehumet
Wu Jian
Xom
Yredelemnul
Zin
The Shining One
Jiyva
Lugonu


Innate Abilities, Weirdness & Mutations

You are too large for most types of armour.
You have tough skin. (AC +1)


Message History

You sock the flying skull!
The flying skull is heavily damaged.
The gnoll is no longer moving quickly.
The flying skull hits you. x3
You hit the flying skull but do no damage.
The flying skull is heavily damaged.
The flying skull hits you! The flying skull barely misses you.
You barely miss the flying skull.
The flying skull is heavily damaged.
The flying skull completely misses you. The flying skull hits you.
The gnoll bouda barks out a call to the hunt!
The gnolls pick up the pace!
You barely miss the flying skull.
The flying skull is heavily damaged.
The flying skull hits you!
* * * LOW HITPOINT WARNING * * *
The flying skull hits you!
* * * LOW HITPOINT WARNING * * *
The flying skull hits you.
* * * LOW HITPOINT WARNING * * *
You sock the flying skull!
You destroy the flying skull!
Cheibriados thoroughly appreciates the change of pace.
Cheibriados raises the support of your attributes as your movement slows.
The gnoll bouda gazes fiercely through you!
You feel your attacks grow feeble.
Your Fighting skill gained 3 levels and is now at level 8!
Your Maces & Flails skill gained 2 levels and is now at level 8!
Your Invocations skill gained 3 levels and is now at level 5!
You have reached level 5!
You have reached level 6!
You feel stronger.
Unknown command.
You hit the orc wizard.
The orc wizard is heavily wounded.
You are no longer berserk.
You are exhausted.
You feel yourself slow down.
The orc wizard gestures at you while chanting.
The magic dart hits you.
You die...

#'#####'#####.....
#.#..#..#[[##.....
#.#..)..#))#####'#
#.#..####))##.....
#.#..#..#..##.....
#.#..#..#..##.....
#.##'#..#'###...<.
#.#........##.....
#@#........##.....
#o###########.....
#oo..o..# ######
#Mgg#z..# #go.# .#
#.##. #.. #. #..
.. #.. ..


You could see a gnoll bouda, a mummy, an orc priest, an orc wizard, 2 gnolls and
2 orcs.

Vanquished Creatures
  A flying skull (D)
  A hound (D)
  A gnoll (D)
  A river rat (D)
  An ufetubus (D)
  An adder zombie (D)
  2 hobgoblins (D)
  A quokka (D)
  A frilled lizard (D)
  A kobold (D)
  A quokka skeleton (D)
  A rat (D)
13 creatures vanquished.

Notes
Turn   | Place    | Note
-------+----------+-------------------------------------------
     0 | D        | rocky1 the Ogre Gladiator began the quest for the Orb.
     0 | D        | Reached XP level 1. HP: 22/22 MP: 1/1
    30 | D        | Found a bloodstained altar of Trog.
    30 | D        | Found a shimmering blue altar of Sif Muna.
    30 | D        | Found a viscous altar of Jiyva.
    30 | D        | Found a hazy altar of Hepliaklqana.
    30 | D        | Found an opulent altar of Gozag.
    31 | D        | Found a glowing golden altar of the Shining One.
    31 | D        | Found a glowing silver altar of Zin.
    31 | D        | Found a basalt altar of Yredelemnul.
    31 | D        | Found a shimmering altar of Xom.
    31 | D        | Found an ornate altar of the Wu Jian Council.
    31 | D        | Found a sacrificial altar of Ru.
    31 | D        | Found a stormy altar of Qazlal.
    31 | D        | Found an iron altar of Okawaru.
    31 | D        | Found a sparkling altar of Nemelex Xobeh.
    31 | D        | Found a burning altar of Makhleb.
    31 | D        | Found a blossoming altar of Fedhas.
    31 | D        | Found a white marble altar of Elyvilon.
    31 | D        | Found a shadowy altar of Dithmenos.
    31 | D        | Found a snail-covered altar of Cheibriados.
    35 | D        | Found a corrupted altar of Lugonu.
    35 | D        | Found a radiant altar of Vehumet.
    36 | D        | Found a broken altar of Ashenzari.
    36 | D        | Found an ancient bone altar of Kikubaaqudgha.
    36 | D        | Found a hide-covered altar of Uskayaw.
    42 | D        | Became a worshipper of Cheibriados the Contemplative
    89 | D        | Reached XP level 2. HP: 30/31 MP: 2/2
    89 | D        | Reached * piety under Cheibriados
   200 | D        | Reached ** piety under Cheibriados
   201 | D        | Reached skill level 5 in Maces & Flails
   262 | D        | Reached XP level 3. HP: 12/40 MP: 3/3
   263 | D        | Reached *** piety under Cheibriados
   412 | D        | Noticed a flying skull
   416 | D        | Reached skill level 1 in Invocations
   420 | D        | Reached **** piety under Cheibriados
   421 | D        | Reached skill level 5 in Fighting
   421 | D        | Reached XP level 4. HP: 50/50 MP: 3/5
   427 | D        | Killed a flying skull
   428 | D        | Reached skill level 5 in Invocations
   428 | D        | Reached XP level 5. HP: 5/63 MP: 3/9
   428 | D        | Reached XP level 6. HP: 6/72 MP: 3/10
   428 | D        | Killed from afar by an orc wizard

Illustrated notes

Levels and vault maps discovered:
D:        pitsprint [storerooms_1, entrance_room_1, metal_vault_4, armoury_1,
          mini_pit_1, grid_room_1, main_hall_1, silver_pit, the_coven_1,
          the_vestibule_1, steel_vault_5, golden_pit, hallway_of_sentries,
          crystal_vault_4, iron_vault_4, final_vault]

Skill      XL: |  1  2  3  4 |
---------------+-------------+-----
Maces & Flails | 4 5 6 8 |  8.8
Fighting       | 3 4 5 8 |  8.2
Invocations    | 2 5 |  5.5
Throwing       | |  2.0
Dodging        | |  2.6

Action                     |  1- 3 |  4- 6 || total
---------------------------+-------+-------++-------
  Melee: Flail             |    49 |     8 ||    57
    Use: Potion            |     3 |       ||     3
 Armour: Robe              |    30 |       ||    30
  Dodge: Dodged            |    48 |     3 ||    51

Table legend: (Time is in decaauts)
 A = Elapsed time spent in this place.
 B = Non-inter-level travel time spent in this place.
 C = Inter-level travel time spent in this place.
 D = Time resting spent in this place.
 E = Time spent auto-exploring this place.
 F = Levels seen in this place.
 G = Mean time per level.
                   A        B        C        D        E       F      G
               +--------+--------+--------+--------+--------+-----+--------+
         Total |    498 |    468 |     30 |    246 |      0 |   1 |  498.0 |
       Dungeon |    498 |    468 |     30 |    246 |      0 |   1 |  498.0 |
               +--------+--------+--------+--------+--------+-----+--------+

Top non-repeatable levels by time:
       D: 498 daAuts
